 Dungeon Crawl Stone Soup version 0.19.0-11-g3fc08b3 (webtiles) character file.

585 dobroeutro the Cleaver (level 7, 0/85 HPs)
             Began as a Minotaur Berserker on Nov 8, 2016.
             Was a Priest of Trog.
             Succumbed to Robin's poison
             ... on level 4 of the Dungeon.
             The game lasted 00:03:57 (2954 turns).

dobroeutro the Cleaver (Minotaur Berserker)         Turns: 2954, Time: 00:03:58

Health: 0/85       AC: 23    Str: 22    XL:     7   Next: 14%
Magic:  6/6        EV:  2    Int:  9    God:    Trog [***...]
Gold:   206        SH:  0    Dex: 11    Spells: 0 memorised, 6 levels left

rFire  . . .     SeeInvis .     a - +0 hand axe
rCold  . . .     Gourm    .     (armour currently unavailable)
rNeg   + + +     Faith    .     (no shield)
rPois  +         Spirit   .     (helmet currently unavailable)
rElec  .         Reflect  .     (cloak currently unavailable)
rCorr  .         Harm     .     (gloves currently unavailable)
MR     .....     NoTele   +     (boots currently unavailable)
Stlth  +.........               (no amulet)
                                (no ring)
                                (no ring)

@: brilliant, lethally poisoned (0 -> -14), exhausted, tree-form, starving,
slowed, very slow
A: (retaliatory headbutt), (horns 0)
a: Berserk, Trog's Hand, Burn Spellbooks, Renounce Religion


You were on level 4 of the Dungeon.
You worshipped Trog.
Trog was most pleased with you.
You were starving.
You were a tree.
You visited 1 branch of the dungeon, and saw 4 of its levels.

You collected 206 gold pieces.

Inventory:

Hand Weapons
 a - a +0 hand axe (weapon)
Armour
 b - a +0 animal skin (melded)
 p - a +0 pair of boots (melded)
 q - a +0 pair of gloves (melded)
 r - a +1 cloak (melded)
Jewellery
 m - an uncursed ring of protection from magic {unknown}
Scrolls
 g - a scroll of noise
 h - a scroll of magic mapping {unknown}
 l - a scroll of identify
Potions
 d - 2 potions of brilliance
 e - 2 potions of lignification
 f - 2 potions of invisibility {unknown}
 j - 2 potions of cure mutation
 k - a potion of flight {unknown}
 n - a potion of heal wounds {unknown}
 s - a potion of might
Comestibles
 c - 2 bread rations
 i - 2 meat rations


   Skills:
 - Level 3.6 Fighting
 + Level 9.9 Axes
 - Level 2.4 Armour
 - Level 2.1 Dodging


You had 6 spell levels left.
You didn't know any spells.

Dungeon Overview and Level Annotations

Branches:
Dungeon (4/15)
 Temple: D:4-7

Altars:
Fedhas
Okawaru
Uskayaw
Xom
Zin

Annotations:
D:4 Robin


Innate Abilities, Weirdness & Mutations

((You reflexively headbutt those who attack you in melee.))
((You have a pair of horns on your head.))


Message History

You feel sick.
The goblin no longer looks unusually strong.
Robin hits you with a whip of venom.
* * * LOW HITPOINT WARNING * * *
Items here: ))) ? a club x2; a dagger; a scroll labeled XUGAST TIRYLICAWN It was a potion of brilliance.
You feel clever all of a sudden.
* * * LOW HITPOINT WARNING * * *
You feel sick. Robin hits you with a whip of venom.
* * * LOW HITPOINT WARNING * * *
You are more poisoned.
Unknown command.
It was a potion of lignification.
You turn into a tree.
Your +1 cloak melds into your body.
Your +0 pair of gloves melds into your body.
Your +0 pair of boots melds into your body.
Your +0 animal skin melds into your body.
Your roots penetrate the ground.
You die...

#.# #.# #.# #.#
#.# # ###.# ...
##)#.####g....
#††.)♣gSgg....
##.#######....
#.# . #.# #.#
#.## # #..#
#.#####.#######
#.#............


You could see Robin, an adder, a hobgoblin and 2 goblins.

Vanquished Creatures
  Grinder (D:3)
  The ghost of Chiseanne the Stinger, an amateur CeVM of Makhleb (D:3)
  An orc priest (D:3)
  An orc wizard (D:3)
  Ijyb (D:2)
  4 gnolls (D:3)
  2 adders
  2 worms (D:2)
  2 dart slugs (D:3)
  2 leopard geckos
  9 orcs (D:3)
  3 giant cockroaches
  19 goblins
  6 hobgoblins
  15 jackals
  A quokka (D:3)
  A ball python (D:3)
  6 bats
  4 frilled lizards
  10 kobolds
  4 rats
95 creatures vanquished.

Notes
Turn   | Place    | Note
-------+----------+-------------------------------------------
     0 | D:1      | dobroeutro the Minotaur Berserker began the quest for the Orb.
     0 | D:1      | Reached XP level 1. HP: 19/19 MP: 0/0
    59 | D:1      | Reached skill level 4 in Axes
   234 | D:1      | Reached XP level 2. HP: 23/26 MP: 1/1
   479 | D:1      | Reached skill level 5 in Axes
   562 | D:1      | Reached ** piety under Trog
   562 | D:1      | Reached XP level 3. HP: 27/31 MP: 2/2
  1141 | D:2      | Noticed Ijyb
  1156 | D:2      | Killed Ijyb
  1156 | D:2      | Reached skill level 6 in Axes
  1156 | D:2      | Reached XP level 4. HP: 22/39 MP: 3/3
  1694 | D:2      | Found a glowing silver altar of Zin.
  1841 | D:3      | Noticed Grinder
  1844 | D:3      | Paralysed by Grinder for 3 turns
  1850 | D:3      | Paralysed by Grinder for 4 turns
  1859 | D:3      | Paralysed by Grinder for 2 turns
  1863 | D:3      | Paralysed by Grinder for 2 turns
  1866 | D:3      | Killed Grinder
  1866 | D:3      | Reached skill level 8 in Axes
  1866 | D:3      | Reached XP level 5. HP: 8/45 MP: 4/4
  1866 | D:3      | Reached XP level 6. HP: 9/51 MP: 5/5
  1888 | D:3      | Found a blossoming altar of Fedhas.
  2155 | D:3      | Reached *** piety under Trog
  2239 | D:3      | Reached skill level 9 in Axes
  2474 | D:3      | Found a shimmering altar of Xom.
  2491 | D:3      | Noticed Chiseanne's ghost (amateur CeVM)
  2612 | D:3      | Found an iron altar of Okawaru.
  2612 | D:3      | Found a hide-covered altar of Uskayaw.
  2678 | D:3      | Killed Chiseanne's ghost
  2678 | D:3      | Reached XP level 7. HP: 57/57 MP: 6/6
  2931 | D:4      | Noticed Robin
  2953 | D:4      | HP: 1/57 [Robin/whip of venom (2)]
  2954 | D:4      | Succumbed to Robin's poison

Skill      XL: |  1  2  3  4  5  6 |
---------------+-------------------+-----
Axes           | 4 5 6 8 9 |  9.9
Fighting       | |  3.6
Armour         | |  2.4
Dodging        | |  2.1

Action                   |  1- 3 |  4- 6 |  7- 9 || total
-------------------------+-------+-------+-------++-------
Melee: Hand axe          |    93 |   101 |    17 ||   211
       Headbutt          |    17 |    13 |       ||    30
Invok: Berserk           |       |     3 |     1 ||     4
  Use: Scroll            |       |     5 |       ||     5
       Potion            |       |       |     2 ||     2
 Stab: Sleeping          |     2 |       |       ||     2
  Eat: Chunk             |     1 |     6 |       ||     7
       Fruit             |       |       |     1 ||     1
Armor: Animal skin       |    21 |    23 |     5 ||    49
Dodge: Dodged            |    55 |    38 |    10 ||   103
